 Seeded DCSS version 0.29.1-1-gd02db6906a (webtiles) character file.

Game seed: 2387645567842811425 (custom seed)

45 lonewolfV2 the Caller (level 3, 0/14 HPs)
             Began as a Felid Summoner on Oct 19, 2022.
             Slain by a gnoll
             ... wielding a +0 long sword
              (3 damage)
             ... on level 2 of the Dungeon.
             The game lasted 00:13:02 (4023 turns).

lonewolfV2 the Caller (Felid Summoner)              Turns: 4023, Time: 00:13:04

Health: 0/14       AC:  1    Str:  4    XL:     3   Next: 42%
Magic:  6/8        EV: 18    Int: 18    God:
Gold:   69         SH:  0    Dex: 16    Spells: 0/7 levels left
                                        Lives:  0   Deaths: 1

rFire   . . .      SeeInvis +   (weapon unavailable)
rCold   . . .      Faith    .   (shield unavailable)
rNeg    . . .      Spirit   .   (body armour unavailable)
rPois   .          Reflect  .   (helmet unavailable)
rElec   .          Harm     .   (cloak unavailable)
rCorr   .          Rampage  .   (gloves unavailable)
Will    .....                   (boots unavailable)
Stlth   +++.......              (no amulet)
HPRegen 0.04/turn               (no ring)
MPRegen 0.11/turn               (no ring)

@: quick
A: very small, claws 1, fangs 3, see invisible, speed 1, shaggy fur 1, stealthy
paws, no weapons or thrown items, no armour, multi-lived
a: no special abilities


You were on level 2 of the Dungeon.
You visited 1 branch of the dungeon, and saw 3 of its levels.

You collected 69 gold pieces.

Inventory:

Jewellery
 c - a +4 ring of evasion
Scrolls
 b - a scroll of noise {unknown}
 e - a scroll of teleportation
 g - a scroll of enchant weapon {unknown}
 i - a scroll of magic mapping {unknown}
Potions
 a - a potion of magic
 f - a potion of haste {unknown}
 h - a potion of flight {unknown}


   Skills:
 + Level 3.7 Dodging
 + Level 3.8 Stealth
 * Level 2.8 Spellcasting
 * Level 1.4 Hexes
 + Level 4.4 Summonings


You couldn't memorise any spells.
You knew the following spells:

 Your Spells              Type           Power      Damage    Failure   Level
a - Summon Small Mammal   Summ           72%        N/A       2%          1
b - Call Canine Familiar  Summ           18%        N/A       8%          3
c - Summon Guardian Gole  Hex/Summ       13%        N/A       16%         3
d - Shock                 Conj/Air       8%         1d3       17%         1

Your spell library contained the following spells:

 Spells                   Type           Power      Damage    Failure   Level
 Call Imp                 Summ           18%        N/A       4%          2
 Confusing Touch          Hex            7%         N/A       28%         3
 Gell's Gravitas          Tloc           2%         N/A       45%         3
 Lesser Beckoning         Tloc           2%         N/A       45%         3
 Swiftness                Air            2%         N/A       45%         3
 Teleport Other           Tloc           2%         N/A       45%         3
 Summon Ice Beast         Ice/Summ       10%        N/A       54%         4
 Summon Lightning Spire   Summ/Air       10%        N/A       54%         4
 Summon Mana Viper        Hex/Summ       13%        N/A       80%         5
 Airstrike                Air            1%         2d(1-17)  86%         4
 Yara's Violent Unravell  Hex/Tmut       2%         3d3       98%         5
 Enfeeble                 Hex            3%         N/A       100%        7
 Monstrous Menagerie      Summ           9%         N/A       100%        7


Dungeon Overview and Level Annotations

Branches:
Dungeon (3/15)

Altars:
Nemelex Xobeh


Innate Abilities, Weirdness & Mutations

You have sharp claws.
You have razor-sharp teeth.
You have supernaturally acute eyesight. (SInv)
You cover ground quickly. (Speed+)
You are covered in fur. (AC +1)
Your paws help you pounce on unaware monsters.
You are incapable of wielding weapons or throwing items.
You cannot wear armour.
You gain extra lives every three experience levels.


Message History

What are your orders? t - Meow!
Orders for allies: a - Attack new target. r - Retreat! s - Stop attacking. g - Guard the area. f - Follow me.
Anything else - Cancel.
Gang up on whom?
Press: ? - help, Dir - move target, f - gnoll
Aim: a gnoll, wielding a +0 long sword Attack!
Why would you want to do that?
You swap places.
The gnoll barely misses your quokka.
You swap places.
Your quokka bites the gnoll.
Your quokka disappears in a puff of smoke!
Your rat bites the gnoll but does no damage.
Your rat misses the gnoll. You scratch the gnoll but do no damage.
The gnoll is lightly wounded.
The gnoll hits you with a +0 long sword!
Ouch! That really hurt!
* * * LOW HITPOINT WARNING * * *
You closely miss the gnoll.
The gnoll is lightly wounded.
The gnoll closely misses you.
Your rat bites the gnoll but does no damage.
You scratch the gnoll but do no damage.
The gnoll is lightly wounded.
The gnoll closely misses you.
Your rat bites the gnoll but does no damage.
You scratch the gnoll but do no damage.
The gnoll hits you with a +0 long sword.
* * * LOW HITPOINT WARNING * * *
Your rat misses the gnoll. You barely miss the gnoll.
The gnoll completely misses you.
Your rat bites the gnoll.
You scratch the gnoll. You bite the gnoll.
The gnoll is severely wounded.
The gnoll hits you with a +0 long sword.
You die...

##.######.##.###..### #.#
#.##.....#... #.#
#...g.....### #.#
##........# #.# #.###.####
#.# #.##...##
##############.###
#.#.#.#(##
#................#
#..##.##.##≈
#.########.###.#@###
#>.##......≈ #.# ##.#
#..g..# #..##<.....≈ #.#
##~.~##.r9..###.#.#.#.###≈
#.#
#~..~................## #
#.# ##.~.........###.#####
#.# #≈≈≈≈≈≈≈......##.# #g#
#####.#.#####.##.# #.#
#.#.# #.##.# #.# # #.# #.#


You could see a gnoll (ally target), a friendly guardian golem (summoned) and a
friendly rat (summoned, sheltered).

Vanquished Creatures
  A giant cockroach (D:2)
  A hobgoblin (D:1)
  A quokka (D:1)
  A ball python (D:1)
  2 bats
  A frilled lizard (D:2)
  2 rats
9 creatures vanquished.

Vanquished Creatures (collateral kills)
  2 gnolls
  2 adders (D:2)
  2 dart slugs
  A ball python (D:1)
  4 endoplasms (D:1)
  4 giant cockroaches
  3 goblins
  2 hobgoblins (D:1)
  3 jackals (D:1)
  2 quokkas
  A bat (D:1)
  5 kobolds
  A rat (D:1)
32 creatures vanquished.

Vanquished Creatures (others)
  A gnoll (D:2)
1 creature vanquished.

Grand Total: 42 creatures vanquished

Notes
Turn   | Place    | Note
-------+----------+-------------------------------------------
     0 | D:1      | lonewolfV2 the Felid Summoner began the quest for the Orb.
     0 | D:1      | Reached XP level 1. HP: 7/7 MP: 4/4
   235 | D:1      | Identified a scroll of acquirement
   235 | D:1      | Acquired a book of Beasts
   750 | D:1      | Reached XP level 2. HP: 11/11 MP: 4/6
  1648 | D:1      | Reached XP level 3. HP: 9/14 MP: 4/7
  1652 | D:1      | Learned a level 3 spell: Call Canine Familiar
  2067 | D:1      | Found a faded altar of an unknown god.
  2569 | D:2      | You fall into a shaft and drop 1 floor!
  2885 | D:2      | Found a sparkling altar of Nemelex Xobeh.
  2986 | D:2      | Acquired a book of Air
  3039 | D:2      | Learned a level 3 spell: Summon Guardian Golem
  3309 | D:2      | Reached XP level 4. HP: 13/18 MP: 2/8
  3311 | D:2      | Learned a level 1 spell: Shock
  3615 | D:2      | Reached skill level 1 in Hexes
  3930 | D:2      | Slain by a gnoll
  3931 | D:2      | Reached XP level 3. HP: -4/14 MP: 7/8
  4023 | D:2      | Slain by a gnoll

Illustrated notes

Levels and vault maps discovered:
D:1:      lemuel_arrival_room, layout_basic, ebering_ecumenical_altar_box
D:2:      layout_loops_ring, serial_rivers, chequers_serial_rivers_micro_e,
          chequers_serial_rivers_micro_b, chequers_serial_rivers_small_3,
          chequers_serial_rivers_micro_c, chequers_serial_rivers_micro_d,
          basic_altar
D:3:      cheibrodos_helix_gallery, layout_rooms, mainiacjoe_overflow_catwalk,
          mainiacjoe_overflow_surrounded_room, serial_shops, shop,
          nrook_mini_backslash

Skill      XL: |  1  2  3  4 |
---------------+-------------+-----
Stealth        | 3 |  3.8
Dodging        | 3 |  3.7
Hexes          | 1 |  1.4
Spellcasting   | |  2.8
Summonings     | |  4.4

Action                   |  1- 3 |  4- 6 || total
-------------------------+-------+-------++-------
Melee: Unarmed           |    31 |     6 ||    37
       Bite              |     3 |     1 ||     4
 Cast: Summon Small Mamm |    55 |    13 ||    68
       Call Canine Famil |    10 |       ||    10
       Summon Guardian G |     5 |     3 ||     8
       Shock             |       |    10 ||    10
  Use: Scroll            |     2 |     1 ||     3
       Potion            |     1 |     4 ||     5
 Stab: Sleeping          |     1 |       ||     1
Armor: Skin              |     7 |     2 ||     9
Dodge: Dodged            |    64 |    28 ||    92
